 Dungeon Crawl Stone Soup version 0.27.0-1-g7a089689b8 (webtiles) character file.

Game seed: 10499633971457208720

164 hofbold the Ducker (level 5, -6/61 HPs)
             Began as a Djinni Monk on Aug 2, 2021.
             Killed by divine providence
             ... invoked by an orc priest
              (16 damage)
             ... on level 3 of the Dungeon.
             The game lasted 00:04:36 (3656 turns).

hofbold the Ducker (Djinni Monk)                    Turns: 3656, Time: 00:04:36

Health: -6/61      AC: 22    Str: 10    XL:     5   Next: 73%
Gold:   105        EV:  2    Int: 13    God:
                   SH:  0    Dex: 15

rFire    . . .     SeeInvis .   a - +0 spear
rCold    . . .     Faith    .   (no shield)
rNeg     + + +     Spirit   .   (armour currently unavailable)
rPois    ∞         Reflect  .   (helmet currently unavailable)
rElec    .         Harm     .   (cloak currently unavailable)
rCorr    .         Rampage  .   (gloves currently unavailable)
Will     .....     NoTele   +   (boots unavailable)
Stlth    ++........             (no amulet)
HPRegen  0.20/turn              (no ring)
MPRegen  0.00/turn              (no ring)

@: mighty, tree-form, weak-willed
A: stationary, stasis, torment immunity, boosted hp, sickness immunity, (fire
resistance 2), (cold vulnerability 1), float, innate caster, hp casting, extra
vitality 1
a: no special abilities


You were on level 3 of the Dungeon.
You were a tree.
You visited 1 branch of the dungeon, and saw 4 of its levels.

You collected 105 gold pieces.

Inventory:

Hand Weapons
 a - a +0 spear (weapon)
Missiles
 k - 19 poisoned darts (quivered)
Armour
 b - a +0 robe (melded)
 e - a +2 hat (melded)
Scrolls
 c - 3 scrolls of identify
Potions
 d - a potion of curing
 i - a potion of heal wounds {unknown}


   Skills:
 + Level 3.7 Fighting
 + Level 2.9 Polearms
 + Level 1.7 Armour
 + Level 3.9 Dodging
 - Level 1.5 Stealth
 * Level 2.0 Spellcasting


You had 5 spell levels left.
You knew the following spells:

 Your Spells              Type           Power      Damage    Failure   Level
a - Sting                 Tmut/Pois      24%        1d4       11%         1
b - Slow                  Hex            6%         N/A       17%         2
Your spell library was empty.

Dungeon Overview and Level Annotations

Branches:
Dungeon (4/15)
 Temple: D:4-7

Altars:

Annotations:
D:4 Natasha


Innate Abilities, Weirdness & Mutations

You are a tree.
Your roots penetrate the ground, keeping you stationary.
You cannot be teleported.
You are immune to unholy pain and torment.
Your maximum health is greatly increased.
Your equipment is partially melded.
You are immune to sickness and miasma.
You are immune to poison.
((Your flesh is very heat resistant. (rF++)))
((You are vulnerable to cold. (rC-)))
You float through the air rather than walking.
You learn spells naturally, not from books.
Your magical power is your life essence.
You have superior vitality. (+4 HP)


Message History

The orc wizard gestures at you while chanting.
You resist with some effort. The howler monkey misses you.
You fly upwards.
There is a stone staircase leading down here.
The orc priest invokes the aid of Beogh against you.
You struggle to resist.
The howler monkey closely misses you.
The howler monkey completely misses you.
The orc priest hits you with a +0 flail.
The orc priest mumbles some strange prayers to Beogh against you.
Beogh smites you!
* * * LOW HITPOINT WARNING * * *
As you read the scroll labelled VUOMIR YVYUNKI, it crumbles to dust.
You feel momentarily disoriented.
It was a scroll of magic mapping.
The howler monkey barely misses you.
The orc wizard gestures wildly while chanting.
The orc wizard flickers and vanishes!
Deactivating autopickup; reactivate with Ctrl-A.
The howler monkey hits you but does no damage.
As you read the scroll labelled TUFYBLEGEU, it crumbles to dust.
Magic quickly surges around you.
It was a scroll of vulnerability.
The howler monkey hoots and howls with incredible vigour!
Okay, then.
Okay, then.
It was a potion of might.
You feel very mighty all of a sudden. The howler monkey barely misses you.
It was a potion of lignification.
You turn into a tree.
Your +2 hat melds into your body.
Your +0 robe melds into your body.
Your roots penetrate the ground.
The howler monkey hits you but does no damage.
You puncture the howler monkey!
The howler monkey is moderately wounded.
The howler monkey hits you but does no damage.
You hit the howler monkey.
The howler monkey is heavily wounded.
The howler monkey hits you.
* * * LOW HITPOINT WARNING * * *
The orc priest mumbles some strange prayers to Beogh against you.
Beogh smites you!
You die...

############### #..........(..# #
#.#####.......# ####### #.##
#.......# ##...... #..# #.......#
###......# ##.# #.......#
###........#
##.####.....>.########...##.#.###
.............o{h♣....#.####.#.###
.#....#.......#####....####.#.##.
..............#####.#.........##.
#.............##....####.........
#.......##.......#### #.#.####..
#..............### ##.#.# #..
.#.........###..# #....# #.#
......(.#### ##.#######..### #.#
........# #.........## ####..


You could see a howler monkey (weak-willed) and an orc priest (weak-willed).

Vanquished Creatures
  An iguana (D:4)
  An orc wizard (D:3)
  4 adders
  3 dart slugs (D:1)
  4 orcs (D:3)
  7 endoplasms
  5 giant cockroaches
  4 goblins
  6 hobgoblins
  3 jackals (D:2)
  3 kobolds
  4 quokkas
  6 ball pythons
  5 bats
  3 frilled lizards
  3 rats (D:2)
62 creatures vanquished.

Notes
Turn   | Place    | Note
-------+----------+-------------------------------------------
     0 | D:1      | hofbold the Djinni Monk began the quest for the Orb.
     0 | D:1      | Reached XP level 1. HP: 20/20 MP: 0/0
   164 | D:1      | Reached XP level 2. HP: 25/25 MP: 0/0
   236 | D:1      | Found a faded altar of an unknown god.
   565 | D:1      | Reached XP level 3. HP: 25/30 MP: 0/0
   565 | D:1      | Learned a level 1 spell: Sting
  1167 | D:2      | Reached skill level 1 in Spellcasting
  1294 | D:2      | Reached skill level 1 in Armour
  1575 | D:2      | Reached XP level 4. HP: 23/35 MP: 0/0
  2980 | D:3      | Reached XP level 5. HP: 19/40 MP: 0/0
  2980 | D:3      | Learned a level 2 spell: Slow
  3641 | D:4      | Noticed Natasha
  3656 | D:3      | Killed from afar by an orc priest

Illustrated notes

Levels and vault maps discovered:
D:1:      mainiacjoe_arrival_reflecting_pool, layout_basic, serial_glass,
          glass_columns_a, glass_columns_a, glass_columns_b, glass_columns_a,
          dreamdust_ecumenical_altar_sealed_demon
D:2:      layout_loops_ring
D:3:      layout_rooms, fountainhead, palyth_stone_intersect
D:4:      layout_basic, mainiacjoe_overflow_brackets, kennysheep_small_circle,
          uniq_natasha

Skill      XL: |  1  2  3  4  5 |
---------------+----------------+-----
Spellcasting   | 1 2 |  2.0
Armour         | 1 |  1.7
Fighting       | |  3.7
Polearms       | |  2.9
Dodging        | |  3.9
Stealth        | |  1.5

Action                   |  1- 3 |  4- 6 || total
-------------------------+-------+-------++-------
Melee: Spear             |    85 |    87 ||   172
 Cast: Sting             |    25 |    49 ||    74
       Slow              |       |     2 ||     2
  Use: Scroll            |       |     3 ||     3
       Potion            |       |     3 ||     3
 Stab: Sleeping          |     5 |     5 ||    10
Armor: Robe              |    18 |    33 ||    51
       Skin              |       |     2 ||     2
Dodge: Dodged            |    42 |    80 ||   122
